 Dungeon Crawl Stone Soup version 0.30.1-11-g7821555f0a (webtiles) character file.

Game seed: 6830393569668900978

20 pkoi the Charlatan (level 2, 0/22 HPs)
             Began as a Demigod Artificer on Nov 14, 2023.
             Slain by a hobgoblin (3 damage)
             ... on level 2 of the Dungeon.
             The game lasted 00:01:12 (920 turns).

pkoi the Charlatan (Demigod Artificer)               Turns: 920, Time: 00:01:12

Health: 0/22       AC:  3    Str: 13    XL:     2   Next: 42%
Magic:  4/4        EV: 11    Int: 13    God:
Gold:   25         SH:  0    Dex: 14    Spells: 1/1 levels left

rFire   . . .        a - +0 club
rCold   . . .        (no shield)
rNeg    . . .        b - +0 leather armour
rPois   .            (no helmet)
rElec   .            (no cloak)
rCorr   .            (no gloves)
SInv    .            (no boots)
Will    .....        (no amulet)
Stlth   +            (no ring)
HPRegen 0.23/turn    (no ring)
MPRegen 0.09/turn

%: no passive effects
@: lethally poisoned (0 -> -4)
A: high MP 1, forlorn, divine attributes
a: no special abilities


You were on level 2 of the Dungeon.
You visited 1 branch of the dungeon, and saw 2 of its levels.

You collected 25 gold pieces.

Inventory:

Hand Weapons
 a - a +0 club (weapon)
Armour
 b - a +0 leather armour (worn)
Wands
 c - a wand of flame (15) (quivered)
 d - a wand of charming (15)
 e - a wand of iceblast (5)
Scrolls
 g - 2 scrolls of amnesia {unknown}
 i - a scroll of identify
 j - a scroll of poison {unknown}
Potions
 h - a potion of mutation


   Skills:
 - Level 0.8 Fighting
 - Level 1.7 Armour
 - Level 0.8 Dodging
 - Level 0.8 Stealth
 + Level 2.0 Unarmed Combat
 + Level 2.7 Evocations


You had one spell level left.
You didn't know any spells.
Your spell library contained the following spells:

 Spells                   Type           Power      Damage    Failure   Level
 Fireball                 Conj/Fire      0%         3d3       100%        5
 Conjure Ball Lightning   Conj/Air       0%         3x3d6     100%        6
 Maxwell's Capacitive Co  Air            0%         ∞         100%        8


Dungeon Overview and Level Annotations

Branches:
Dungeon (2/15)


Innate Abilities, Weirdness & Mutations

You have an increased reservoir of magic. (+10% MP)
You shall have no god before yourself.
Your divine heritage dramatically boosts your attributes as you level up.


Message History

The ball python grabs you. The ball python constricts you.
The hobgoblin hits you.
Unknown command.
You escape the ball python's grasp.
You feel sick. The adder barely misses you. The hobgoblin hits you.
* * * LOW HITPOINT WARNING * * *
You feel sick. The adder attacks as you move away! The adder misses you.
You feel sick.
You are no longer poisoned.
The hobgoblin attacks as you move away! The hobgoblin hits you.
* * * LOW HITPOINT WARNING * * *
The adder completely misses you.
Found a dagger.
The hobgoblin attacks as you move away! The hobgoblin misses you.
You hit the adder.
The adder is moderately wounded.
The adder barely misses you. The adder closely misses you.
You hit the adder but do no damage.
The adder is moderately wounded.
The adder closely misses you. x2
You hit the adder but do no damage.
The adder is moderately wounded.
The adder bites you but does no damage. The adder bites you.
* * * LOW HITPOINT WARNING * * *
You closely miss the adder.
The adder is moderately wounded.
The adder bites you.
* * * LOW HITPOINT WARNING * * *
The hobgoblin closely misses you.
It was a potion of curing.
You feel better. The adder misses you. The hobgoblin hits you.
The adder bites you.
* * * LOW HITPOINT WARNING * * *
You are lethally poisoned!
The adder poisons you!
You hit the hobgoblin.
The hobgoblin is heavily wounded.
* * * LOW HITPOINT WARNING * * *
You feel very sick. The adder bites you but does no damage.
The hobgoblin hits you.
You die...

..).....# .
#.........# . .
#.........# .# .. #(
#.........# .##...
#.##.........###....
...##.:...........# .
#............##g.#....
#. #........SS@.......
#..#........#+#+#+#+#+
............#
.#..........#
............#
..#.........#+#+#+ .
###.#.#.#.......
#.....##......
.####.#.##.......#


You could see an adder, a hobgoblin and a ball python.

Vanquished Creatures
  2 dart slugs (D:1)
  2 ball pythons (D:1)
  2 hobgoblins (D:1)
  2 kobolds (D:1)
  6 bats
  2 frilled lizards (D:1)
  2 rats
18 creatures vanquished.

Notes
Turn   | Place    | Note
-------+----------+-------------------------------------------
     0 | D:1      | pkoi the Demigod Artificer began the quest for the Orb.
     0 | D:1      | Reached XP level 1. HP: 15/15 MP: 3/3
     4 | D:1      | Got the Handbook of Hazy Heat
   134 | D:1      | Reached skill level 1 in Unarmed Combat
   395 | D:1      | Reached XP level 2. HP: 22/22 MP: 4/4
   918 | D:2      | HP: 1/22 [adder (2)]
   920 | D:2      | Slain by a hobgoblin

Illustrated notes

Levels and vault maps discovered:
D:1:      denvon_arrival_hothouse, layout_loops_ring, serial_forest,
          infiniplex_forest_clump_diagonal, infiniplex_forest_pool,
          infiniplex_forest_fountain, infiniplex_forest_zigzag_1,
          infiniplex_forest_zigzag_1, infiniplex_forest_lined_2
D:2:      minmay_diamond_boxcup, layout_rooms, serial_shops, shop,
          hangedman_decor_diamond_cutter, grunt_ministairs_4,
          minmay_misc_feat_encased, minmay_rat_gold_closets

Skill      XL: |  1  2 |
---------------+-------+-----
Unarmed Combat | 1 2 |  2.0
Fighting       | |  0.8
Armour         | |  1.7
Dodging        | |  0.8
Stealth        | |  0.8
Evocations     | |  2.7

Action                     || total
---------------------------++-------
  Melee: Club              ||    81
         Punch             ||     2
    Use: Scroll            ||     3
         Potion            ||     1
   Stab: Sleeping          ||     3
 Armour: Leather armour    ||    40
  Dodge: Dodged            ||    88
